 Dungeon Crawl Stone Soup version 0.28-a0-1447-ga5a8893891 (webtiles) character file.

Game seed: 16684190697780318394

60091 horus123 the Eclecticist (level 14, -6/78 HPs)
             Began as a Deep Elf Conjurer on Jan 11, 2022.
             Was a High Priest of Vehumet.
             Mangled by a ghost moth (12 damage)
             ... on level 1 of the Spider Nest.
             The game lasted 01:41:39 (24080 turns).

horus123 the Eclecticist (Deep Elf Conjurer)       Turns: 24080, Time: 01:41:40

Health: -6/78      AC:  8    Str: 13      XL:     14   Next: 55%
Magic:  3/36       EV: 13    Int: 28 (29) God:    Vehumet [*****.]
Gold:   1288       SH:  0    Dex: 19      Spells: 3/46 levels left

rFire   . . .      SeeInvis .   c - staff of conjuration
rCold   . . .      Faith    .   (no shield)
rNeg    . . .      Spirit   .   a - +2 robe
rPois   +          Reflect  .   (no helmet)
rElec   .          Harm     +   (no cloak)
rCorr   .          Rampage  .   y - +0 pair of gloves
Will    +....                   f - +2 pair of boots
Stlth   +.........              D - amulet "Vusigg" {Harm rPois Regen+ Str+3}
HPRegen 1.03/turn               q - +6 ring of strength
MPRegen 0.25/turn               F - +6 ring of dexterity

@: confused
A: no striking features
a: Renounce Religion


You were on level 1 of the Spider Nest.
You worshipped Vehumet.
Vehumet was extremely pleased with you.
You visited 4 branches of the dungeon, and saw 17 of its levels.
You also visited: Ossuary.

You collected 1288 gold pieces.

Inventory:

Hand Weapons
 b - a +4 dagger of holy wrath
 v - a +5 spectral long sword
Missiles
 K - a throwing net
Armour
 a - a +2 robe (worn)
 f - a +2 pair of boots (worn)
 y - a +0 pair of gloves (worn)
Magical Staves
 c - a staff of conjuration (weapon)
Jewellery
 h - a ring of poison resistance
 n - an amulet of reflection
 q - a +6 ring of strength (left hand)
 C - an amulet of faith
 D - the amulet "Vusigg" (around neck) {Harm rPois Regen+ Str+3}
   (You took it off an orc on level 8 of the Dungeon)

   [amulet of regeneration]

   Str:       It affects your strength (+3).
   rPois:     It protects you from poison.
   Regen:     It increases your rate of health regeneration.
   Harm:      It increases damage dealt and taken.
 F - a +6 ring of dexterity (right hand)
 H - a ring of positive energy
Wands
 g - a wand of flame (16)
 o - a wand of paralysis (14)
 A - a wand of polymorph (13)
 E - a wand of digging (4)
 M - a wand of acid (5)
 O - a wand of iceblast (8)
Scrolls
 i - 2 scrolls of silence
 k - 6 scrolls of magic mapping
 p - 3 scrolls of noise
 r - 4 scrolls of fog
 x - 3 scrolls of fear
 G - 4 scrolls of identify
 J - 2 scrolls of summoning
 L - a scroll of teleportation
 P - a scroll of brand weapon
 Q - a scroll of enchant weapon
Potions
 d - 4 potions of berserk rage
 e - 2 potions of cancellation
 j - 4 potions of mutation
 l - 2 potions of flight
 m - 2 potions of lignification
 s - 5 potions of might
 t - a potion of resistance
 u - 3 potions of brilliance
 w - 6 potions of curing
 z - 4 potions of attraction
 B - 2 potions of ambrosia
 S - a potion of experience {unknown}
Miscellaneous
 I - a condenser vane
 N - a piece from Xom's chessboard (15/15)


   Skills:
 - Level 5.1 Fighting
 - Level 6.1 Staves
 - Level 2.4 Dodging
 - Level 2.4 Stealth
 - Level 16.6 Spellcasting
 - Level 14.0 Conjurations
 - Level 10.1 Hexes
 - Level 7.1 Summonings
 + Level 6.7 Necromancy
 - Level 5.4 Translocations
 - Level 2.5 Transmutations
 - Level 12.4 Evocations


You had 3 spell levels left.
You knew the following spells:

 Your Spells              Type           Power      Damage    Failure   Level
a - Magic Dart            Conj           100%       1d8       0%          1
b - Searing Ray           Conj           100%       2d8       0%          2
c - Iskenderun's Mystic   Conj/Tloc      86%        2d17      1%          4
d - Fulminant Prism       Conj/Hex       47%        3d21      1%          4
e - Shock                 Conj/Air       100%       1d9       1%          1
f - Anguish               Hex/Necr       31%        N/A       1%          4
g - Freeze                Ice            92%        1d10      1%          1
h - Poisonous Vapours     Pois/Air       46%        N/A       1%          2
i - Yara's Violent Unrav  Hex/Tmut       28%        3d12      1%          5
j - Tukima's Dance        Hex            69%        N/A       1%          3
k - Hailstorm             Conj/Ice       76%        3d16      1%          4
l - Iskenderun's Battles  Conj           100%       2d15      1%          5
m - Orb of Destruction    Conj           50%        9d15      1%          7

Your spell library contained the following spells:

 Spells                   Type           Power      Damage    Failure   Level
 Sticky Flame             Conj/Fire      76%        2d9       1%          4
 Ensorcelled Hibernation  Hex/Ice        100%       N/A       1%          2
 Passwall                 Tmut/Erth      25%        N/A       1%          2
 Wereblood                Tmut           37%        N/A       1%          2
 Dazzling Flash           Conj/Hex       100%       N/A       1%          3
 Lesser Beckoning         Tloc           52%        N/A       1%          3
 Portal Projectile        Hex/Tloc       100%       N/A       1%          3
 Summon Guardian Golem    Hex/Summ       64%        N/A       1%          3
 Spider Form              Tmut/Pois      30%        N/A       3%          3
 Swiftness                Air            23%        N/A       6%          3
 Animate Dead             Necr           28%        N/A       1%          4
 Passage of Golubria      Tloc           52%        N/A       2%          4
 Spellforged Servitor     Conj/Summ      44%        N/A       6%          7
 Haunt                    Necr/Summ      29%        N/A       69%         7
 Dragon Form              Tmut           18%        N/A       99%         7
 Infestation              Necr           28%        N/A       100%        8


Dungeon Overview and Level Annotations

Branches:
Dungeon (9/15)             Temple (1/1) D:4            Lair (6/6) D:9
 Shoals (0/4) Lair:4       Spider (1/4) Lair:3        Slime (0/5) Lair:6
Ossuary (visited)
    Orc: D:9-12

Altars:
Cheibriados
Elyvilon
Fedhas
Hepliaklqana
Kikubaaqudgha
Makhleb
Nemelex Xobeh
Okawaru
Qazlal
Sif Muna
Trog
Vehumet
Wu Jian
Xom
Yredelemnul
Zin
The Shining One
Jiyva


Message History

Something hits you!
Deactivating autopickup; reactivate with Ctrl-A.
Something hits you.
You feel dopey.
Something stings you but does no damage.
The jumping spider pounces on you!
You are caught in a web!
The jumping spider completely misses you.
Something hits you. Something hits you!
Something stings you but does no damage.
The jumping spider barely misses you. The jumping spider bites you.
The tarantella touches you.
There is a crawl-hole back to the Lair, spattered with blood here.
Casting: Iskenderun's Mystic Blast (safe; 1% risk of failure)
Confirm with . or Enter, or press ? or * to list all spells.
You feel a surge of power!
You erupt in a blast of force!
The mystic blast hits the tarantella!
The tarantella is severely wounded.
The tarantella is knocked back by the mystic blast.
The mystic blast hits the jumping spider.
The jumping spider is lightly wounded.
The jumping spider is knocked back by the mystic blast.
The mystic blast hits something!
The jumping spider leaps!
You feel you are being watched by something.
You feel your power leaking away.
The jumping spider leaps!
Unknown command.
There are no items here.
You feel you are being watched by something.
You feel your power leaking away. Something hits you.
Something hits you but does no damage. Something stings you!
* * * LOW HITPOINT WARNING * * *
The tarantella touches you!
* * * LOW HITPOINT WARNING * * *
You are confused.
The jumping spider leaps!
In your confused state, you trip and fall back down the stairs.
* * * LOW HITPOINT WARNING * * *
Something hits you!
You die...

##........#≈......... #
#.........≈....^^##### ..
#.....#............##.... ...
##....#.)..........#..s..
....#..#.##............≈≈...^
....########........^#≈≈...##
.....................#....^#
.....................##....#
#........{@s°......≈≈....##
####.........°......≈≈....#
......................#......
......................#......
...........#..........##.....
...........##..........##....
............#....s......#....
...........##...........#....
######################### ###


You could see a jumping spider and a tarantella.

Vanquished Creatures
  8 hydras
  11 death yaks
  A fire crab (Lair:6)
  A sun moth (Spider:1)
  3 orb spiders (Spider:1)
  2 wolf spiders (Spider:1)
  14 elephants
  2 black mambas
  6 cane toads
  2 torpor snails (Lair:6)
  2 rime drakes
  A demonic crawler (Spider:1)
  6 komodo dragons
  5 polar bears
  3 tarantellas (Spider:1)
  5 hornets (Lair:6)
  Grinder (D:3)
  26 blink frogs
  8 dream sheep
  5 jumping spiders
  3 culicivoras (Spider:1)
  13 spriggans (Lair:6)
  5 wyverns (Lair:4)
  A basilisk (Lair:4)
  45 yaks
  Grum (D:8)
  2 steam dragons
  12 redbacks (Spider:1)
  2 wargs (D:9)
  15 water moccasins
  An orc warrior (D:9)
  5 black bears
  2 ice beasts
  A hornet zombie (D:9)
  3 ogres
  2 necrophages
  6 centaurs
  4 boggarts (Lair:6)
  42 wolves
  7 bullfrogs
  2 kobold brigands
  A scorpion (D:5)
  2 water moccasin zombies
  3 wyvern zombies
  9 killer bees
  12 wights
  2 vampire bats (Lair:1)
  2 electric eels (Lair:4)
  2 howler monkeys (D:9)
  8 centaur zombies
  2 bullfrog zombies (Ossuary)
  A centaur skeleton (D:6)
  An iron imp (D:7)
  3 jellies
  4 orc priests
  An iguana (D:5)
  Jessica (D:2)
  7 orc wizards
  A killer bee zombie (Ossuary)
  A hound skeleton (D:4)
  5 howler monkey zombies
  15 mummies (Ossuary)
  Robin (D:2)
  3 adders
  3 gnolls (D:3)
  A shadow imp (D:4)
  A white imp (D:6)
  An adder skeleton (D:4)
  3 worms
  25 orcs
  13 bats
  11 endoplasms
  3 giant cockroaches
  13 goblins
  11 hobgoblins
  15 jackals
  17 kobolds
  A quokka (D:2)
  10 ball pythons
  A frilled lizard (D:2)
  4 rats
  A bush (Lair:6)
  2 butterflies
509 creatures vanquished.

Vanquished Creatures (others)
  2 hydras
  A boulder beetle (Lair:6)
  An elephant (Lair:6)
  A rime drake (Lair:1)
  A komodo dragon (Lair:3)
  2 polar bears
  3 yaks (Lair:4)
  A bush (Lair:6)
  2 fulminant prisms
  43 fungi
  57 plants
  8 withered plants (Ossuary)
122 creatures vanquished.

Grand Total: 631 creatures vanquished

Notes
Turn   | Place    | Note
-------+----------+-------------------------------------------
     0 | D:1      | horus123 the Deep Elf Conjurer began the quest for the Orb.
     0 | D:1      | Reached XP level 1. HP: 10/10 MP: 6/6
   175 | D:1      | Reached skill level 4 in Spellcasting
   175 | D:1      | Reached XP level 2. HP: 15/15 MP: 7/9
   178 | D:1      | Learned a level 2 spell: Searing Ray
   806 | D:2      | Reached skill level 5 in Conjurations
   876 | D:2      | Reached XP level 3. HP: 19/19 MP: 3/10
  1030 | D:2      | Found an ancient bone altar of Kikubaaqudgha.
  1138 | D:2      | Noticed Jessica
  1141 | D:2      | Killed Jessica
  1142 | D:2      | Reached skill level 5 in Spellcasting
  1542 | D:2      | Noticed Robin
  1545 | D:2      | Reached XP level 4. HP: 24/24 MP: 8/13
  1563 | D:2      | Killed Robin
  1564 | D:2      | Reached skill level 1 in Evocations
  1735 | D:2      | Found a faded altar of an unknown god.
  2092 | D:3      | Noticed a water moccasin
  2099 | D:3      | Killed a water moccasin
  2100 | D:3      | Reached XP level 5. HP: 28/28 MP: 7/14
  2166 | D:3      | Learned a level 4 spell: Iskenderun's Mystic Blast
  2171 | D:3      | Learned a level 4 spell: Fulminant Prism
  2181 | D:3      | Reached skill level 1 in Hexes
  2465 | D:3      | Noticed Grinder
  2470 | D:3      | Killed Grinder
  2471 | D:3      | Reached skill level 5 in Hexes
  2471 | D:3      | Reached XP level 6. HP: 32/32 MP: 7/15
  2543 | D:3      | Reached XP level 7. HP: 26/36 MP: 8/16
  4481 | D:4      | Found a staircase to the Ecumenical Temple.
  4488 | Temple   | Entered the Ecumenical Temple
  4596 | Temple   | Became a worshipper of Vehumet
  4680 | D:5      | Entered Level 5 of the Dungeon
  4729 | D:5      | Found an ornate altar of the Wu Jian Council.
  5143 | D:5      | Found a white marble altar of Elyvilon.
  5438 | D:5      | Reached XP level 8. HP: 41/41 MP: 12/17
  5715 | D:5      | Found a stormy altar of Qazlal.
  5717 | D:5      | Found a broken altar of Ashenzari.
  5717 | D:5      | Found a basalt altar of Yredelemnul.
  5719 | D:5      | Found a stormy altar of Qazlal.
  5719 | D:5      | Found a shimmering altar of Xom.
  5719 | D:5      | Found a shimmering altar of Xom.
  5892 | D:5      | Found a sparkling altar of Nemelex Xobeh.
  5897 | D:5      | Reached skill level 5 in Translocations
  6246 | D:6      | Reached skill level 6 in Spellcasting
  6673 | D:6      | Reached skill level 7 in Spellcasting
  7080 | D:6      | Reached skill level 8 in Spellcasting
  7130 | D:6      | Found a basalt altar of Yredelemnul.
  8134 | D:7      | Found a sand-covered staircase.
  8140 | Ossuary  | Entered an ossuary
  8147 | Ossuary  | Reached XP level 9. HP: 45/45 MP: 17/23
  8193 | Ossuary  | Reached * piety under Vehumet
  8193 | Ossuary  | Offered knowledge of Shock by Vehumet.
  8793 | Ossuary  | Reached skill level 10 in Hexes
  8868 | Ossuary  | Learned a level 1 spell: Shock
  9137 | D:7      | Found a glowing golden altar of the Shining One.
  9351 | D:7      | Found a snail-covered altar of Cheibriados.
  9669 | D:7      | Learned a level 3 spell: Dazzling Flash
 10514 | D:8      | Reached skill level 10 in Conjurations
 10514 | D:8      | Reached XP level 10. HP: 37/50 MP: 15/24
 10876 | D:8      | Offered knowledge of Freeze by Vehumet.
 10879 | D:8      | Reached ** piety under Vehumet
 11136 | D:8      | Reached skill level 9 in Spellcasting
 11288 | D:8      | Identified the amulet "Vusigg" {Harm rPois Regen+ Str+3}
 11348 | D:8      | Noticed Grum
 11372 | D:8      | Killed Grum
 11373 | D:8      | Reached skill level 10 in Spellcasting
 11611 | D:8      | Learned a level 1 spell: Freeze
 11899 | D:9      | Reached skill level 1 in Staves
 12700 | D:9      | Found a staircase to the Lair.
 12714 | D:9      | Offered knowledge of Poisonous Vapours by Vehumet.
 12715 | D:9      | Reached skill level 5 in Staves
 12988 | D:9      | Reached *** piety under Vehumet
 13224 | D:9      | Learned a level 2 spell: Poisonous Vapours
 13254 | Lair:1   | Entered Level 1 of the Lair of Beasts
 13328 | Lair:1   | Reached skill level 1 in Fighting
 13356 | Lair:1   | Learned a level 5 spell: Yara's Violent Unravelling
 13360 | Lair:1   | Learned a level 3 spell: Tukima's Dance
 13485 | Lair:1   | Learned a level 4 spell: Anguish
 13530 | Lair:1   | Noticed a five-headed hydra
 13538 | Lair:1   | Killed a five-headed hydra
 13833 | Lair:1   | Noticed a cane toad
 13840 | Lair:1   | Killed a cane toad
 13841 | Lair:1   | Reached XP level 11. HP: 60/60 MP: 18/27
 14395 | Lair:1   | Found a bloodstained altar of Trog.
 14464 | Lair:1   | Offered knowledge of Hailstorm by Vehumet.
 14738 | Lair:2   | Reached skill level 5 in Fighting
 14741 | Lair:2   | Reached skill level 1 in Transmutations
 15418 | Lair:2   | Noticed a five-headed hydra
 15423 | Lair:2   | Killed a five-headed hydra
 15424 | Lair:2   | Reached skill level 11 in Spellcasting
 15683 | Lair:2   | Reached skill level 12 in Spellcasting
 15747 | Lair:2   | Learned a level 4 spell: Hailstorm
 15979 | Lair:2   | Reached skill level 13 in Spellcasting
 15980 | Lair:2   | Reached **** piety under Vehumet
 15994 | Lair:2   | Offered knowledge of Iskenderun's Battlesphere by Vehumet.
 16001 | Lair:2   | Learned a level 5 spell: Iskenderun's Battlesphere
 16644 | Lair:3   | Noticed a six-headed hydra
 16651 | Lair:3   | Killed a six-headed hydra
 16652 | Lair:3   | Reached skill level 14 in Spellcasting
 16792 | Lair:3   | Noticed a five-headed hydra
 16800 | Lair:3   | Killed a five-headed hydra
 16958 | Lair:3   | Found a hole to the Spider Nest.
 16967 | Lair:3   | Reached XP level 12. HP: 68/68 MP: 26/32
 17013 | Spider:1 | Entered Level 1 of the Spider Nest
 17274 | Lair:3   | Reached skill level 15 in Spellcasting
 18039 | Lair:4   | Reached skill level 5 in Evocations
 18198 | Lair:4   | Noticed a death yak
 18212 | Lair:4   | Killed a death yak
 19012 | Lair:4   | Reached skill level 10 in Evocations
 19323 | Lair:4   | Found a staircase to the Shoals.
 20352 | Lair:5   | Noticed a death yak
 20352 | Lair:5   | Noticed a death yak
 20352 | Lair:5   | Noticed a death yak
 20352 | Lair:5   | Noticed a death yak
 20352 | Lair:5   | Noticed a death yak
 20356 | Lair:5   | Reached ***** piety under Vehumet
 20361 | Lair:5   | Killed a death yak
 20362 | Lair:5   | Reached XP level 13. HP: 49/72 MP: 21/34
 20362 | Lair:5   | Offered knowledge of Iron Shot by Vehumet.
 20882 | Lair:5   | Reached skill level 5 in Summonings
 21413 | Lair:6   | Entered Level 6 of the Lair of Beasts
 21867 | Lair:6   | Reached skill level 16 in Spellcasting
 21889 | Lair:6   | Learned a level 7 spell: Orb of Destruction
 22164 | Lair:6   | Offered knowledge of Sticky Flame by Vehumet.
 22914 | Lair:6   | Found a viscous altar of Jiyva.
 22915 | Lair:6   | Found a staircase to the Slime Pits.
 23020 | Lair:6   | Reached XP level 14. HP: 78/78 MP: 18/36
 23037 | Lair:6   | HP: 1/78 [boulder beetle (22)]
 23414 | Lair:6   | Identified a scroll of acquirement
 23414 | Lair:6   | Acquired the Almanac of Displacement and Moulding
 23691 | Spider:1 | Reached skill level 1 in Necromancy
 23796 | Spider:1 | Reached skill level 5 in Necromancy
 24080 | Spider:1 | Mangled by a ghost moth

Illustrated notes

Levels and vault maps discovered:
D:1:      dpeg_arrival_concentric_ovals, layout_basic
D:2:      layout_basic, basic_altar, nicolae_ecumenical_snake_handling,
          uniq_robin, uniq_jessica
D:3:      layout_rooms, portal_sewer_entry_e, solitary_fountain, uniq_grinder
D:4:      minmay_chambers_of_twos, layout_rooms,
          minmay_temple_entry_statues_pillars
D:5:      layout_loops_corners, nemelex_dance_club_becter,
          nicolae_elyvilon_peaceful_grove, doesnt_xom_only_xom,
          nicolae_wu_jian_wuxing_cycle
D:6:      layout_loops_ring, yredelemnul_altar_generic, hex_tiny,
          chequers_serial_rivers_large_a, amcnicky_mini_rare_corridor_liquid
D:7:      layout_basic, slow_altar_2, mainiacjoe_overflow_chevrons,
          nicolae_ossuary_entry_false_entrances
D:8:      layout_rooms, uniq_grum
D:9:      layout_roguey, erik_lair_orcish_takeover, minmay_statues_item,
          kennysheep_generic_room_15
Temple:   regret_index_temple_generic_petals
Lair:1:   layout_regular_city, basic_altar, fungi_pond_lemuel, roderic_batcave,
          st_stairs_12
Lair:2:   layout_big_grid, lemuel_fruit_fields, lemuel_fruit_tree,
          lemuel_fruit_fields, serial_bayou_shore_b
Lair:3:   layout_chaotic_city, spider_nest_entry_a
Lair:4:   layout_cave_pods, minmay_shoals_entry_centaurs, beast_lair_carwin_4,
          serial_bayou_shore_a, serial_bayou_shore_b, grunt_megastairs_3
Lair:5:   layout_loops_ring, st_stairs_4, lemuel_fruit_fields,
          grunt_megastairs_1, serial_bayou_shore_b, infiniplex_staircase_pool
Lair:6:   minmay_lair_end_enchanted_forest, layout_misc_corridors, slime_altar_1
Spider:1: layout_spider_delve

Skill      XL: |  1  2  3  4  5  6  7  8  9 10 11 12 13 14 |
---------------+-------------------------------------------+-----
Spellcasting   | 4 5 8 10 14 15 16 | 16.6
Conjurations   | 5 7 10 12 14 | 14.0
Evocations     | 4 11 12 | 12.4
Hexes          | 5 7 10 | 10.1
Translocations | 4 5 |  5.4
Staves         | 6 |  6.1
Fighting       | 3 5 |  5.1
Transmutations | 2 |  2.5
Summonings     | 7 |  7.1
Necromancy     | 6 |  6.7
Dodging        | |  2.4
Stealth        | |  2.4

Action                   |  1- 3 |  4- 6 |  7- 9 | 10-12 | 13-15 || total
-------------------------+-------+-------+-------+-------+-------++-------
Melee: Staff             |       |     1 |     1 |       |     3 ||     5
 Cast: Magic Dart        |    56 |    55 |   160 |     5 |       ||   276
       Searing Ray       |     2 |     7 |    54 |    79 |     8 ||   150
       Shock             |       |       |    42 |   253 |   143 ||   438
       Iskenderun's Myst |       |       |     4 |    38 |    47 ||    89
       Fulminant Prism   |       |       |     1 |     1 |       ||     2
       Anguish           |       |       |       |    11 |     7 ||    18
       Hailstorm         |       |       |       |    17 |    56 ||    73
       Iskenderun's Batt |       |       |       |    16 |    18 ||    34
       Orb of Destructio |       |       |       |       |     4 ||     4
Evoke: Wand              |       |       |    23 |     8 |       ||    31
       Condenser vane    |       |       |       |       |     2 ||     2
  Use: Scroll            |       |     4 |    15 |     9 |     2 ||    30
       Potion            |       |       |     9 |     4 |     1 ||    14
 Stab: Sleeping          |       |       |       |       |     1 ||     1
Armor: Robe              |     2 |     4 |    40 |    55 |    22 ||   123
       Skin              |       |       |    58 |       |       ||    58
Dodge: Dodged            |       |     7 |    74 |   116 |    36 ||   233
Block: Other             |       |     1 |    50 |    31 |     9 ||    91
       Reflection        |       |       |     1 |     5 |       ||     6

Table legend: (Time is in decaauts)
 A = Elapsed time spent in this place.
 B = Non-inter-level travel time spent in this place.
 C = Inter-level travel time spent in this place.
 D = Time resting spent in this place.
 E = Time spent auto-exploring this place.
 F = Levels seen in this place.
 G = Mean time per level.
                   A        B        C        D        E       F      G
               +--------+--------+--------+--------+--------+-----+--------+
         Total |  24173 |  23453 |    720 |   5197 |  15440 |  18 | 1342.9 |
       Dungeon |  12388 |  11964 |    424 |   2823 |   7898 |   9 | 1376.4 |
        Temple |    150 |    108 |     42 |      0 |    100 |   1 |  150.0 |
          Lair |  10416 |  10162 |    254 |   1889 |   7067 |   6 | 1736.0 |
   Spider Nest |    199 |    199 |      0 |     39 |     69 |   1 |  199.0 |
       Ossuary |   1019 |   1019 |      0 |    446 |    304 |   1 | 1019.0 |
               +--------+--------+--------+--------+--------+-----+--------+

Top non-repeatable levels by time:
  Lair:4: 2474 daAuts
  Lair:6: 2214 daAuts
     D:7: 1650 daAuts
     D:8: 1631 daAuts
  Lair:2: 1629 daAuts
     D:5: 1600 daAuts
     D:6: 1512 daAuts
  Lair:3: 1511 daAuts
  Lair:1: 1498 daAuts
     D:9: 1449 daAuts
     D:3: 1385 daAuts
     D:4: 1201 daAuts
     D:2: 1156 daAuts
  Lair:5: 1087 daAuts
 Ossuary: 1019 daAuts
